 Dungeon Crawl Stone Soup version 0.24.1-8-ga250c9d538 (webtiles) character file.

Game seed: 8638292418476607664, levelgen mode: deterministic

69977 MordorOrchid the Thaumaturge (level 14, -12/103 HPs)
             Began as a Demonspawn Fire Elementalist on Dec 24, 2019.
             Was the Champion of Makhleb.
             Mangled by a skeletal warrior
             ... wielding a +0 scimitar
             ... led by a skeletal warrior
              (14 damage)
             ... on level 15 of the Dungeon on May 2, 2020.
             The game lasted 02:58:11 (17942 turns).

MordorOrchid the Thaumaturge (DsFE)                Turns: 17942, Time: 02:58:12

Health: -12/103    AC: 14    Str: 10    XL:     14   Next: 92%
Magic:  0/39       EV: 18    Int: 26    God:    Makhleb [******]
Gold:   218        SH:  4    Dex: 17    Spells: 14/38 levels left

rFire    + . .     SeeInvis .   a - +6 long sword (freeze)
rCold    + . .     Gourm    .   (no shield)
rNeg     + . .     Faith    .   e - +2 robe {rF+}
rPois    .         Spirit   +   v - +0 helmet
rElec    .         Reflect  +   R - +2 cloak {+Inv}
rCorr    .         Harm     .   Z - +1 pair of gloves of Xuuleaps {rN+ MR++}
MR       +++..     Rnd*Rage +   P - +0 pair of boots
Stlth    ++........             M - +4 amulet of reflection
HPRegen  0.27/turn              S - ring of magical power
MPRegen  0.52/turn              w - +5 ring of intelligence

@: no status effects
A: hooves 1, icy blue scales 2, agile 2, berserk 1, cold resistance 1, magic
shield, magic regeneration, freezing cloud immunity
a: Minor Destruction, Lesser Servant of Makhleb, Major Destruction, Greater
Servant of Makhleb, Renounce Religion, Evoke Invisibility


You were on level 15 of the Dungeon.
You worshipped Makhleb.
Makhleb was exalted by your worship.
You were hungry.

You visited 3 branches of the dungeon, and saw 20 of its levels.
You visited 1 bazaar.
You also visited: Ice Cave.

You collected 2105 gold pieces.
You spent 1887 gold pieces at shops.

Inventory:

Hand Weapons
 a - a +6 long sword of freezing (weapon)
 j - a +2 shortbow of velocity
 q - a +0 arbalest of freezing
 y - the +7 rapier of Jysaid {protect, MR+}
   (You found it on level 2 of the Lair of Beasts)

   It grants its wielder temporary protection when it strikes (+7 to AC).
   It affects your resistance to hostile enchantments.
 I - a +1 shortbow of flaming
Missiles
 h - 271 arrows
 i - 64 boomerangs
 o - 47 poisoned darts (quivered)
 J - 95 bolts
Armour
 e - a +2 robe of fire resistance (worn)
 r - a scarf of repulsion
 s - a +2 robe of the Archmagi
 v - a +0 helmet (worn)
 E - a scarf of resistance
 P - a +0 pair of boots (worn)
 R - a +2 cloak of invisibility (worn)
 Z - the +1 pair of gloves of Xuuleaps (worn) {rN+ MR++}
   (You acquired it on level 1 of the Lair of Beasts)

   It protects you from negative energy.
   It affects your resistance to hostile enchantments.
Magical Staves
 x - an uncursed staff of energy
 U - an uncursed staff of summoning
Jewellery
 w - a +5 ring of intelligence (right hand)
 z - an uncursed ring of ice
 M - a +4 amulet of reflection (around neck)
 S - a ring of magical power (left hand)
 W - an uncursed ring of poison resistance
Wands
 l - a wand of acid (9)
 p - a wand of digging (6)
 u - a wand of polymorph (1)
 C - a wand of paralysis (16)
 H - a wand of random effects (30)
 L - a wand of scattershot (13)
 Q - a wand of iceblast (3)
 V - a wand of clouds (1)
Scrolls
 d - a scroll of amnesia
 g - 3 scrolls of teleportation
 m - a scroll of enchant armour
 n - a scroll of fog
 t - 14 scrolls of remove curse
 A - 4 scrolls of fear
 B - 5 scrolls of blinking
 F - 7 scrolls of identify
 Y - 2 scrolls of magic mapping
Potions
 b - a potion of brilliance
 f - 7 potions of haste
 k - 10 potions of curing
 G - 2 potions of ambrosia
 K - 2 potions of might
 N - 3 potions of resistance
 T - a potion of magic
Miscellaneous
 O - 2 phantom mirrors
Comestibles
 c - 42 rations
 D - 5 chunks of flesh


   Skills:
 * Level 7.4 Fighting
 * Level 8.7 Dodging
 - Level 3.0 Stealth
 + Level 12.5 Spellcasting
 * Level 11.6 Conjurations
 - Level 4.0 Summonings
 - Level 2.2 Necromancy
 - Level 2.0 Translocations
 * Level 11.2 Fire Magic
 - Level 4.0 Air Magic
 - Level 7.0 Invocations
 * Level 6.4 Evocations


You had 14 spell levels left.
You knew the following spells:

 Your Spells              Type           Power        Failure   Level  Hunger
a - Flame Tongue          Conj/Fire      #####        1%          1    None
b - Throw Flame           Conj/Fire      ######       1%          2    None
c - Conjure Flame         Conj/Fire      ######..     1%          3    None
d - Inner Flame           Hex/Fire       #####...     1%          3    None
e - Sticky Flame          Conj/Fire      ######..     1%          4    None
f - Fireball              Conj/Fire      ######....   1%          5    ###....
j - Summon Lightning Spi  Summ/Air       #####...     7%          4    None
u - Animate Skeleton      Necr           N/A          1%          1    None
z - Apportation           Tloc           ####..       1%          1    None

Your spell library contained the following spells:

 Spells                   Type           Power        Failure   Level  Hunger
 Magic Dart               Conj           ####         1%          1    None
 Sting                    Conj/Pois      ####         1%          1    None
 Summon Small Mammal      Summ           ####         1%          1    None
 Call Imp                 Summ           #####...     1%          2    None
 Searing Ray              Conj           ######       1%          2    None
 Call Canine Familiar     Summ           #####...     1%          3    None
 Dazzling Spray           Conj/Hex       #####.       1%          3    None
 Iskenderun's Mystic Bla  Conj           ######..     1%          4    None
 Force Lance              Conj/Tloc      ######..     2%          4    None
 Beastly Appendage        Tmut           ###...       3%          1    None
 Confusing Touch          Hex            ###...       3%          1    None
 Fulminant Prism          Conj/Hex       #####.....   3%          4    None
 Summon Guardian Golem    Hex/Summ       ####....     4%          3    None
 Sticks to Snakes         Tmut           ###.....     5%          2    None
 Spider Form              Tmut/Pois      ###.......   11%         3    None
 Summon Ice Beast         Ice/Summ       ####....     16%         4    None
 Monstrous Menagerie      Summ           #####.....   99%         7    ######.
 Summon Greater Demon     Summ           #####.....   99%         7    ######.
 Haunt                    Necr/Summ      ####......   100%        7    ######.
 Malign Gateway           Summ/Tloc      ####......   100%        7    ######.
 Borgnjor's Revivificati  Necr           ####......   100%        8    #######
 Death's Door             Chrm/Necr      ###.......   100%        8    #######
 Infestation              Necr           ####......   100%        8    #######
 Necromutation            Tmut/Necr      ###.......   100%        8    #######
 Summon Horrible Things   Summ           #####.....   100%        8    #######


Dungeon Overview and Level Annotations

Branches:
Dungeon (15/15)            Temple (0/1) D:6            Lair (3/6) D:11
  Swamp (0/4) Lair:3        Snake (0/4) Lair:2          Orc (2/2) D:9
    Elf (0/3) Orc:2        Vaults (0/5) D:13          IceCv (visited)
 Depths: D:15

Altars:
Cheibriados
Dithmenos
Elyvilon
Fedhas
Makhleb
Nemelex Xobeh
Sif Muna
Trog
Uskayaw
Wu Jian
Xom

Shops:
D:10 %   D:12 *   Orc:1 ?   Orc:2 [(%*

Annotations:
D:6 Prince Ribbit
D:9 3 runed translucent doors, Teror's ghost, novice OpFE; releu's ghost, novice CeWr


Innate Abilities, Weirdness & Mutations

You have large cloven feet.
You are mostly covered in icy blue scales. (AC +3)
Your flesh is cold resistant. (rC+)
When hurt, damage is shared between your health and your magic reserves.
You regenerate magic rapidly.
You are immune to freezing clouds.
You are very agile. (Dex +4)
You tend to lose your temper in combat.


Message History

The skeletal warrior is severely damaged.
The skeletal warrior is engulfed in blazing flames.
The skeletal warrior hits you from afar with a +0 halberd!!
* * * LOW HITPOINT WARNING * * *
The skeletal warrior hits you with a +0 scimitar.
* * * LOW HITPOINT WARNING * * *
Evoke which item? (* to show all) (? for menu, Esc to quit)
Aiming: Corrosive Bolt
Press: ? - help, Shift-Dir - straight line, f/p - skeletal warrior
Aim: a skeletal warrior, wielding a +0 halberd (flame, severely damaged, covered in acid)
The bolt of acid hits the skeletal warrior!
The skeletal warrior is splashed with acid!
The acid corrodes the skeletal warrior!
The skeletal warrior is almost destroyed.
The bolt of acid misses the skeletal warrior.
The skeletal warrior is engulfed in blazing flames.
The skeletal warrior hits you from afar with a +0 halberd!!
* * * LOW HITPOINT WARNING * * *
The skeletal warrior hits you with a +0 scimitar!
You die...

##.## ##z).#.# #...
#######..)...# #..#
#.. .........# #..#
#.# #<.)..# ##..# #.#
#.H.# ....# #.# ##.##
##.## #.# #.#
##.########.#######§#
................@zz§#
##..........#########
############


You could see 2 skeletal warriors.

Vanquished Creatures
  Jorgrun (D:14)
  An orc warlord (Orc:1)
  A stone giant (Orc:2)
  Snorg (D:14)
  Josephine (D:14)
  5 hydras
  2 tengu warriors (D:14)
  A centaur warrior (D:14)
  8 two-headed ogres
  4 ogre magi
  An orc high priest (Orc:2)
  2 unseen horrors
  A lindwurm (Lair:2)
  A wolf spider zombie (D:14)
  A necromancer (IceCv)
  3 orc knights
  3 oklob plants
  6 ugly things
  2 orc sorcerers
  An elephant (D:11)
  5 cyclopes
  2 manticores
  2 ice statues (IceCv)
  2 black mambas (Lair:2)
  Maurice (D:13)
  3 gargoyles
  6 spiny frogs
  A rime drake (Lair:2)
  3 komodo dragons
  2 kobold demonologists (D:14)
  7 ice devils (IceCv)
  2 yaktaurs (D:13)
  3 trolls
  2 polar bears
  4 meliai
  A meliai (shapeshifter) (D:15)
  4 hornets
  7 hippogriffs
  A harpy skeleton (D:15)
  9 slime creatures
  Sigmund (D:2)
  3 wyverns
  A wraith (D:14)
  A human (D:7)
  17 yaks
  3 hogs (D:7)
  A basilisk (Lair:1)
  8 vampire mosquitoes
  4 hungry ghosts
  The ghost of VanClaymore the Cudgeler, an amateur GrMo (D:3)
  2 wargs (Orc:1)
  An acid dragon (D:11)
  7 nagas (Lair:2)
  3 water moccasins
  6 porcupines
  3 ice beasts
  A sky beast (D:8)
  23 orc warriors
  4 eyes of draining
  7 black bears
  25 ogres
  2 phantoms
  8 centaurs
  7 crocodiles
  A big kobold (D:12)
  15 bullfrogs
  A wyvern zombie (D:11)
  A wyvern skeleton (D:9)
  5 scorpions
  An oklob sapling (D:9)
  15 killer bees
  21 wights
  5 howler monkeys
  6 crimson imps
  3 bullfrog zombies
  5 hounds
  2 centaur zombies
  11 orc priests
  Crazy Yiuf (D:7)
  2 bullfrog skeletons (D:9)
  3 centaur skeletons
  A gnoll shaman (D:8)
  4 jellies
  31 orc wizards
  3 iguanas
  Natasha (twice) (D:4)
  8 worker ants
  2 hell rats (Lair:1)
  3 centaur simulacra (IceCv)
  2 hound zombies
  2 hound skeletons
  A mummy (D:8)
  A worker ant zombie (D:6)
  13 gnolls
  Robin (D:2)
  A howler monkey skeleton (D:4)
  20 adders
  A naga simulacrum (IceCv)
  2 ogre simulacra (IceCv)
  3 river rats (Lair:1)
  6 shadow imps
  An ooze (D:7)
  3 adder skeletons
  2 worms (D:2)
  3 dart slugs
  7 leopard geckos
  84 orcs
  6 ball pythons (D:9)
  5 giant cockroaches
  16 goblins
  12 hobgoblins
  10 jackals
  12 quokkas
  7 bats
  4 frilled lizards
  A jackal skeleton (D:8)
  12 kobolds
  3 kobold zombies (D:8)
  A leopard gecko skeleton (D:7)
  An orc zombie (D:8)
  A quokka zombie (D:6)
  13 rats
  6 plants
667 creatures vanquished.

Vanquished Creatures (collateral kills)
  An ogre mage (Orc:2)
  4 two-headed ogres
  An orc knight (Orc:1)
  5 ugly things (D:14)
  A centaur skeleton (D:14)
  An efreet (D:14)
  An ice devil (IceCv)
  A hornet (Lair:2)
  A troll (Orc:1)
  5 wraiths
  A yak (D:12)
  A shadow (D:14)
  2 vampire mosquitoes (Lair:3)
  11 orc warriors
  A hornet zombie (D:14)
  16 ogres
  A bullfrog (D:14)
  A killer bee (D:12)
  3 wights (D:14)
  A draconian simulacrum (IceCv)
  6 orc wizards
  A spriggan simulacrum (IceCv)
  A troll simulacrum (IceCv)
  A naga simulacrum (IceCv)
  23 orcs
  3 hobgoblins (Orc:1)
  A kobold (D:12)
95 creatures vanquished.

Vanquished Creatures (others)
  A yaktaur captain (D:13)
  A two-headed ogre (Orc:2)
  A warg (Orc:1)
  A bush (D:9)
  A fungus (D:11)
  24 plants
29 creatures vanquished.

Grand Total: 791 creatures vanquished

Notes
Turn   | Place    | Note
-------+----------+-------------------------------------------
     0 | D:1      | MordorOrchid the Demonspawn Fire Elementalist began the
                  | quest for the Orb.
     0 | D:1      | Reached XP level 1. HP: 13/13 MP: 3/3
   404 | D:1      | Gained mutation: You are partially covered in icy blue
                  | scales. (AC +2) [demonic ancestry]
   404 | D:1      | Reached XP level 2. HP: 12/20 MP: 0/5
   459 | D:1      | Learned a level 2 spell: Throw Flame
   595 | D:2      | Noticed Sigmund
   880 | D:1      | HP: 1/20 [worm (5)]
  1309 | D:1      | Gained mutation: You tend to lose your temper in combat.
                  | [potion of mutation]
  1309 | D:1      | Gained mutation: You are agile. (Dex +2) [potion of
                  | mutation]
  1309 | D:1      | Gained mutation: You are very agile. (Dex +4) [potion of
                  | mutation]
  1318 | D:2      | Killed Sigmund
  1318 | D:2      | Reached skill level 1 in Fighting
  1318 | D:2      | Gained mutation: Your flesh is cold resistant. (rC+)
                  | [demonic ancestry]
  1318 | D:2      | Reached XP level 3. HP: 27/27 MP: 0/7
  1318 | D:2      | Gained mutation: You are mostly covered in icy blue scales.
                  | (AC +3) [demonic ancestry]
  1318 | D:2      | Reached XP level 4. HP: 33/33 MP: 0/8
  1318 | D:2      | Gained mutation: When hurt, damage is shared between your
                  | health and your magic reserves. [demonic ancestry]
  1318 | D:2      | Reached XP level 5. HP: 38/38 MP: 0/9
  1326 | D:2      | Learned a level 3 spell: Conjure Flame
  1601 | D:2      | Found a blossoming altar of Fedhas.
  1691 | D:2      | Found a white marble altar of Elyvilon.
  1826 | D:2      | Reached skill level 3 in Spellcasting
  1958 | D:2      | Noticed Robin
  2124 | D:2      | Killed Robin
  2192 | D:3      | Reached XP level 6. HP: 44/44 MP: 4/10
  2456 | D:3      | Learned a level 3 spell: Inner Flame
  3313 | D:3      | Found a runed translucent door.
  3314 | D:3      | Noticed VanClaymore's ghost (amateur GrMo)
  3324 | D:3      | Killed VanClaymore's ghost
  3324 | D:3      | Reached skill level 4 in Spellcasting
  3324 | D:3      | Reached XP level 7. HP: 35/50 MP: 0/13
  3346 | D:3      | Learned a level 4 spell: Sticky Flame
  3366 | D:4      | Noticed Natasha
  3380 | D:4      | Killed Natasha
  3448 | D:4      | Noticed Natasha
  3494 | D:4      | Killed Natasha
  4084 | D:4      | Identified the amulet "Tuisogh" {Faith rN+ Str+4 Int-3}
  4220 | D:5      | Entered Level 5 of the Dungeon
  4469 | D:5      | Upgraded the game from 0.24.0-123-gd5b16e6ec5 to
                  | 0.24.1-4-ge52af88ad5
  4469 | D:5      | Upgraded the game from 0.24.1-4-ge52af88ad5 to
                  | 0.24.1-8-ga250c9d538
  4682 | D:5      | Reached XP level 8. HP: 54/56 MP: 8/15
  4753 | D:5      | Found a bloodstained altar of Trog.
  4771 | D:5      | Reached skill level 5 in Spellcasting
  4794 | D:5      | Reached skill level 5 in Fire Magic
  4919 | D:5      | Found a burning altar of Makhleb.
  4929 | D:5      | Became a worshipper of Makhleb the Destroyer
  5219 | D:6      | Found a staircase to the Ecumenical Temple.
  5287 | D:6      | Reached skill level 5 in Conjurations
  5670 | D:6      | Reached skill level 6 in Spellcasting
  5671 | D:6      | Reached * piety under Makhleb
  5709 | D:6      | Found an ornate altar of the Wu Jian Council.
  5813 | D:6      | Gained mutation: You are immune to freezing clouds.
                  | [demonic ancestry]
  5813 | D:6      | Reached XP level 9. HP: 61/61 MP: 6/18
  5814 | D:6      | Noticed Prince Ribbit
  6132 | D:7      | Noticed a meliai
  6133 | D:7      | Noticed a kobold demonologist
  6147 | D:7      | Noticed a polar bear
  6147 | D:7      | a kobold demonologist changed into a polar bear
  6280 | D:7      | Learned a level 5 spell: Fireball
  6283 | D:7      | Noticed a wizard
  6287 | D:7      | Killed a meliai
  6287 | D:7      | Reached skill level 7 in Spellcasting
  6290 | D:7      | HP: 1/62 [something/stone arrow (20)]
  6512 | D:7      | Reached ** piety under Makhleb
  6560 | D:7      | Found a runed translucent door.
  6561 | D:7      | Noticed Crazy Yiuf
  6567 | D:7      | Killed Crazy Yiuf
  6649 | D:7      | Reached XP level 10. HP: 70/70 MP: 2/21
  7085 | D:7      | Reached skill level 1 in Invocations
  7154 | D:7      | Found a shadowy altar of Dithmenos.
  7213 | D:8      | Found a shimmering altar of Xom.
  7213 | D:8      | Found a shimmering altar of Xom.
  7213 | D:8      | Found a shimmering altar of Xom.
  7223 | D:8      | Reached skill level 5 in Dodging
  7223 | D:8      | Reached skill level 8 in Spellcasting
  7223 | D:8      | Reached skill level 1 in Evocations
  7228 | D:8      | Found a shimmering altar of Xom.
  7228 | D:8      | Found a shimmering altar of Xom.
  7265 | D:8      | Learned a level 4 spell: Summon Lightning Spire
  7434 | D:8      | Noticed a harpy
  7609 | D:8      | Reached *** piety under Makhleb
  7697 | D:8      | Reached skill level 1 in Air Magic
  7772 | D:8      | Reached skill level 1 in Summonings
  8041 | D:9      | Found the +6 lightning scales {run, rElec}
  8147 | D:9      | Noticed a +0 hand axe
  8148 | D:9      | Found a hide-covered altar of Uskayaw.
  8149 | D:9      | Noticed a +0 hand axe
  8191 | D:9      | Found a staircase to the Orcish Mines.
  8352 | D:9      | Found a blossoming altar of Fedhas.
  8437 | D:9      | Noticed an oklob plant
  8614 | D:9      | Identified the Volume of Nature
  8632 | D:9      | Killed an oklob plant
  8685 | D:9      | Found a sparkling altar of Nemelex Xobeh.
  8689 | D:9      | Found a snail-covered altar of Cheibriados.
  8924 | D:9      | Gained mutation: You regenerate magic rapidly. [demonic
                  | ancestry]
  8924 | D:9      | Reached XP level 11. HP: 77/77 MP: 5/23
  8929 | D:9      | Reached **** piety under Makhleb
  9048 | D:9      | Found a runed translucent gate.
  9048 | D:9      | Found a runed translucent gate.
  9048 | D:9      | Found a runed translucent gate.
  9048 | D:9      | Noticed releu's ghost (novice CeWr)
  9049 | D:9      | Noticed Teror's ghost (novice OpFE)
  9101 | D:10     | Entered Level 10 of the Dungeon
  9254 | D:10     | Noticed an unseen horror
  9257 | D:10     | Killed an unseen horror
  9396 | D:10     | Found Rumyajoj's Food Shop.
 10042 | D:11     | Reached ***** piety under Makhleb
 10047 | D:11     | Reached skill level 9 in Spellcasting
 10163 | D:11     | Noticed a five-headed hydra
 10170 | D:11     | Killed a five-headed hydra
 10371 | D:11     | Noticed a two-headed ogre
 10375 | D:11     | Killed a two-headed ogre
 10423 | D:11     | Noticed a cyan ugly thing
 10432 | D:11     | Killed a cyan ugly thing
 10432 | D:11     | Reached skill level 10 in Spellcasting
 10611 | D:11     | Found a staircase to the Lair.
 10648 | D:11     | Found a shadowy altar of Dithmenos.
 10687 | D:11     | Gained mutation: You have large cloven feet. [demonic
                  | ancestry]
 10687 | D:11     | Reached XP level 12. HP: 83/83 MP: 17/26
 10850 | Lair:1   | Entered Level 1 of the Lair of Beasts
 10993 | Lair:1   | Found a dark tunnel.
 11168 | Lair:1   | Identified 2 scrolls of acquirement
 11169 | Lair:1   | Got a pair of dazzling gloves
 11193 | Lair:1   | Identified the +1 pair of gloves of Xuuleaps {rN+ MR++}
                  | (You acquired it on level 1 of the Lair of Beasts)
 11564 | Lair:2   | Found a staircase to the Snake Pit.
 11694 | Lair:2   | Reached skill level 5 in Evocations
 11929 | Lair:2   | Noticed a seven-headed hydra
 11980 | Lair:2   | Killed a seven-headed hydra
 11980 | Lair:2   | Reached ****** piety under Makhleb
 12105 | Lair:2   | Got a steaming rapier
 12112 | Lair:2   | Identified the +7 rapier of Jysaid {protect, MR+} (You
                  | found it on level 2 of the Lair of Beasts)
 12337 | Lair:3   | Reached skill level 5 in Invocations
 12360 | Lair:3   | Reached skill level 5 in Fighting
 12560 | Lair:3   | Reached skill level 11 in Spellcasting
 12840 | Lair:3   | Found a staircase to the Swamp.
 13102 | Orc:1    | Entered Level 1 of the Orcish Mines
 13103 | Orc:1    | Noticed an orc warlord
 13117 | Orc:1    | Reached XP level 13. HP: 89/91 MP: 4/28
 13124 | Orc:1    | Killed an orc warlord
 13285 | Orc:2    | Entered Level 2 of the Orcish Mines
 13285 | Orc:2    | Found a flickering gateway to a bazaar.
 13446 | Bazaar   | Entered a bazaar
 13449 | Bazaar   | Found Xouxylej's Antique Weapon Boutique.
 13453 | Bazaar   | Found Qiluunn's Jewellery Boutique.
 13453 | Bazaar   | Found Dosukyzi's Food Boutique.
 13453 | Bazaar   | Found Ybirayth's Distillery.
 13479 | Bazaar   | Bought 2 potions of haste for 140 gold pieces
 13479 | Bazaar   | Bought 2 potions of curing for 42 gold pieces
 13479 | Bazaar   | Bought a potion of mutation for 56 gold pieces
 13479 | Bazaar   | Bought a potion of mutation for 56 gold pieces
 13479 | Bazaar   | Bought a potion of might for 28 gold pieces
 13479 | Bazaar   | Bought a potion of cancellation for 56 gold pieces
 13479 | Bazaar   | Bought a potion of curing for 21 gold pieces
 13479 | Bazaar   | Bought 2 potions of resistance for 140 gold pieces
 13479 | Bazaar   | Bought a potion of lignification for 21 gold pieces
 13479 | Bazaar   | Bought a potion of ambrosia for 56 gold pieces
 13479 | Bazaar   | Bought a potion of lignification for 21 gold pieces
 13484 | Bazaar   | Bought a cursed ring of attention for 45 gold pieces
 13622 | Orc:2    | Noticed a stone giant
 13635 | Orc:2    | Killed a stone giant
 13899 | Orc:2    | Reached skill level 10 in Conjurations
 13989 | Orc:2    | Reached skill level 10 in Fire Magic
 14207 | Orc:2    | Found Ameici Riant's Food Emporium.
 14207 | Orc:2    | Found Mati's Assorted Antiques.
 14208 | Orc:2    | Found Moaror's Antique Armour Boutique.
 14208 | Orc:2    | Found Davi's Antique Weapon Emporium.
 14237 | Orc:2    | Found a staircase to the Elven Halls.
 14324 | Orc:2    | Bought a sharpened gold wand for 108 gold pieces
 14324 | Orc:2    | Bought a scroll labeled PEL KULLAOMAH for 27 gold pieces
 14324 | Orc:2    | Bought a scroll labeled YNYAS ANUETT for 27 gold pieces
 14324 | Orc:2    | Bought a scroll of identify for 54 gold pieces
 14324 | Orc:2    | Bought a wand of paralysis (10) for 54 gold pieces
 14384 | Orc:1    | Found Moaliab's Magic Scroll Boutique.
 14638 | Orc:1    | Bought a scroll of identify for 26 gold pieces
 14638 | Orc:1    | Bought a scroll of identify for 26 gold pieces
 14638 | Orc:1    | Bought a scroll of blinking for 97 gold pieces
 14638 | Orc:1    | Bought a scroll of blinking for 97 gold pieces
 14638 | Orc:1    | Bought 2 scrolls of blinking for 195 gold pieces
 14638 | Orc:1    | Bought a scroll of fear for 45 gold pieces
 15220 | D:12     | Found a frozen archway.
 15235 | IceCv    | Entered an ice cave
 15306 | IceCv    | Reached XP level 14. HP: 101/101 MP: 6/29
 15533 | IceCv    | Identified the +1 short sword of Valiance {pierce, Str+4}
                  | (You found it in an ice cave)
 15670 | D:12     | Found Ocussom's Assorted Antiques.
 15721 | D:12     | Learned a level 1 spell: Apportation
 15729 | D:12     | Bought an encrusted cloak for 294 gold pieces
 15729 | D:12     | Identified the +1 cloak of Obem {Int+4} (You bought it in a
                  | shop on level 12 of the Dungeon)
 15731 | D:12     | Bought a jade ring for 155 gold pieces
 15821 | D:12     | Learned a level 1 spell: Animate Skeleton
 15960 | D:13     | Found a gate to the Vaults.
 16239 | D:13     | Reached skill level 12 in Spellcasting
 16301 | D:13     | Reached skill level 1 in Necromancy
 16469 | D:13     | Reached skill level 1 in Translocations
 16586 | D:13     | Noticed Maurice
 16591 | D:13     | Killed Maurice
 16960 | D:14     | Found a hide-covered altar of Uskayaw.
 17134 | D:14     | Noticed Jorgrun
 17145 | D:14     | Killed Jorgrun
 17163 | D:14     | Found a shimmering blue altar of Sif Muna.
 17407 | D:14     | Noticed Josephine
 17428 | D:14     | Found a shimmering blue altar of Sif Muna.
 17432 | D:14     | Killed Josephine
 17588 | D:14     | Noticed Snorg
 17593 | D:14     | Killed Snorg
 17818 | D:15     | Entered Level 15 of the Dungeon
 17942 | D:15     | HP: 2/103 [skeletal warrior/+0 halberd[a skeletal warrior]
                  | (22)]
 17942 | D:15     | Mangled by a skeletal warrior

Levels and vault maps discovered:
D:1:      minmay_arrival_four_circles, layout_loops_ring
D:2:      layout_basic, lemuel_crystal_altar, fedhas_altar_3,
          minmay_pentomino_o4, uniq_sigmund, uniq_robin
D:3:      layout_loops_ring, ebering_ghost_reflecting_pool, first_ration,
          serial_rivers, chequers_serial_rivers_small_3,
          chequers_serial_rivers_small_3, chequers_serial_rivers_micro_d,
          chequers_serial_rivers_micro_c, chequers_serial_rivers_small_b,
          minmay_circle_x
D:4:      layout_basic, ebering_ghost_reflecting_pool, minmay_misc_feat_five,
          uniq_natasha
D:5:      layout_loops_ring, trog_eyes_of_draining, makhleb_heckhound_becter
D:6:      layout_rooms, kennysheep_little_box,
          minmay_temple_entry_statues_fountains, uniq_prince_ribbit1
D:7:      minmay_the_grid_plus [minmay_the_grid_expand,
          minmay_the_grid_tiny_cups, minmay_the_grid_broken_lines,
          minmay_the_grid_outer_circle, minmay_the_grid_prize_diamond_cup],
          layout_rooms, grunt_dithmenos_smoke_and_mirrors, grunt_livestock,
          chequers_garden, uniq_crazy_yiuf_cottage
D:8:      layout_layer_cave, xom_shifter_show, minmay_mini_ossuary
D:9:      layout_cave_pools, dancing_weapons_uskayaw, minitemple, orc_0_dummy,
          serial_column_ruins, column_ruins_hut, column_ruins_square_medium,
          column_ruins_grid_1, column_ruins_open_small, column_ruins_grid_1,
          column_ruins_open_large, gammafunk_ghost_cemetery, minivault_25_ag,
          introduction_to_nature_2
D:10:     layout_cave_pods, serial_shops, shop
D:11:     layout_loops_ring, david_lair_generic, basic_altar
D:12:     layout_cave_pools, serial_glass, glass_columns_a, glass_columns_a,
          serial_shops, shop, portal_ice_cave_entry_pillars_1, evilmike_butchery
D:13:     layout_basic, david_vaults_2, uniq_maurice
D:14:     layout_roguey, serial_curves, eino_curves_04, eino_curves_04,
          basic_altar, hangedman_feature_mirror, uniq_jorgrun, uniq_snorg,
          uniq_josephine
D:15:     grunt_enter_depths_hoard, layout_loops_ring, kennysheep_pointless_box
Lair:1:   layout_small_grid, nicolae_volcano_entry_lava_flow,
          kennysheep_abandoned_house
Lair:2:   cheibrodos_lair_overgrown_chateau, layout_cave_pods,
          minmay_snake_entry_guardpost_medium, st_stairs_13, uniq_fannar
Lair:3:   dpeg_oklob_gauntlet, layout_small_grid, minmay_swamp_entry_swarm
Orc:1:    cheibrodos_orc_bank, layout_caves, serial_shops, nicolae_shop_stone
Orc:2:    st_orc_ogre_mass, layout_caves, serial_shops, bzr_entry_islet,
          mines4_lemuel

Skill      XL: |  1  2  3  4  5  6  7  8  9 10 11 12 13 14 |
---------------+-------------------------------------------+-----
Stealth        | 2 3 |  3.0
Dodging        | 2 3 4 5 6 7 8 |  8.7
Fire Magic     | 3 4 5 6 7 8 9 10 11 | 11.2
Fighting       | 1 2 3 4 5 6 7 |  7.4
Conjurations   | 2 3 4 5 6 8 9 10 11 | 11.6
Spellcasting   | 3 4 6 7 8 10 11 12 | 12.5
Invocations    | 3 5 7 |  7.0
Evocations     | 2 4 5 6 |  6.4
Air Magic      | 2 4 |  4.0
Summonings     | 2 4 |  4.0
Necromancy     | 2 |  2.2
Translocations | 2 |  2.0

Action                   |  1- 3 |  4- 6 |  7- 9 | 10-12 | 13-15 || total
-------------------------+-------+-------+-------+-------+-------++-------
Melee: Dagger            |    34 |    12 |     1 |       |       ||    47
       Rapier            |       |       |   140 |     1 |     3 ||   144
       Long sword        |       |       |    33 |    32 |    14 ||    79
       Arbalest          |       |       |       |     1 |       ||     1
       Kick              |       |       |       |     2 |     8 ||    10
       Staff             |       |       |       |     2 |     5 ||     7
 Fire: Hunting sling     |       |    66 |    50 |    54 |       ||   170
       Arbalest          |       |       |       |   131 |    41 ||   172
       Shortbow          |       |       |       |       |    53 ||    53
Throw: Stone             |    10 |       |       |       |       ||    10
       Dart              |       |     6 |    11 |    27 |     2 ||    46
       Boomerang         |       |       |       |       |     1 ||     1
 Cast: Flame Tongue      |    40 |   125 |   140 |   178 |   171 ||   654
       Conjure Flame     |       |     2 |    22 |    33 |    25 ||    82
       Throw Flame       |       |     4 |    16 |    23 |    19 ||    62
       Inner Flame       |       |       |     8 |     7 |    10 ||    25
       Sticky Flame      |       |       |     8 |    37 |    29 ||    74
       Fireball          |       |       |     2 |   137 |   147 ||   286
       Summon Lightning  |       |       |       |     8 |    54 ||    62
       Animate Skeleton  |       |       |       |       |    31 ||    31
       Apportation       |       |       |       |       |     7 ||     7
Invok: Lesser Servant of |       |       |       |       |     1 ||     1
 Abil: Evoke Invisibilit |       |       |       |     1 |     3 ||     4
Evoke: Wand              |       |       |     3 |     9 |    23 ||    35
       Staff of energy   |       |       |       |       |    12 ||    12
  Use: Scroll            |     4 |     5 |     4 |    16 |     8 ||    37
       Potion            |     3 |     3 |     1 |     3 |       ||    10
 Stab: Sleeping          |     1 |     5 |     1 |       |       ||     7
       Paralysed         |       |       |       |     1 |       ||     1
  Eat: Chunk             |     2 |     6 |    11 |    35 |    20 ||    74
       Ration            |       |       |     1 |       |     1 ||     2
Armor: Robe              |     8 |    26 |    45 |    22 |    48 ||   149
Dodge: Dodged            |    22 |    72 |   124 |   123 |   152 ||   493
       Deflected         |       |     6 |       |       |       ||     6
Block: Other             |       |       |       |       |    15 ||    15
       Reflection        |       |       |       |       |     4 ||     4
       Rpst.: Long sword |       |       |     8 |    12 |     7 ||    27
